 Dungeon Crawl Stone Soup version 0.20.1-1-g8b1a95d (webtiles) character file.

123 polve the Chopper (level 4, -4/33 HPs)
             Began as a Demonspawn Gladiator on July 7, 2017.
             Slain by a kobold
             ... wielding a +0 whip of electrocution
              (19 damage)
             ... on level 3 of the Dungeon.
             The game lasted 00:02:31 (2423 turns).

polve the Chopper (Demonspawn Gladiator)            Turns: 2423, Time: 00:02:31

Health: -4/33      AC: 11    Str: 21    XL:     4   Next: 80%
Magic:  4/4        EV:  7    Int:  9    God:
Gold:   142        SH:  0    Dex: 14    Spells: 3/3 levels left

rFire    . . .     SeeInvis .   a - +0 war axe
rCold    . . .     Gourm    .   (no shield)
rNeg     . . .     Faith    .   i - +0 plate armour
rPois    .         Spirit   .   c - +0 helmet
rElec    .         Reflect  .   (no cloak)
rCorr    .         Harm     .   (no gloves)
MR       .....                  (no boots)
Stlth    ..........             (no amulet)
Regen    0.2/turn               (no ring)
MPRegen  0.1/turn               (no ring)

@: mighty
A: hooves 1, rot immunity
a: no special abilities


You were on level 3 of the Dungeon.
You were not hungry.

You visited 1 branch of the dungeon, and saw 3 of its levels.

You collected 142 gold pieces.

Inventory:

Hand Weapons
 a - a +0 war axe (weapon)
Missiles
 d - 5 throwing nets (quivered)
Armour
 c - a +0 helmet (worn)
 i - a +0 plate armour (worn)
Jewellery
 g - an uncursed ring of magical power {unknown}
 j - an uncursed ring of flight {unknown}
 n - an uncursed amulet of guardian spirit {unknown}
Scrolls
 k - a scroll of fear {unknown}
 l - a scroll of remove curse {unknown}
 m - a scroll of identify {unknown}
 o - a scroll of teleportation {unknown}
 p - a scroll of blinking {unknown}
Potions
 e - a potion of might
 h - a potion of agility
Comestibles
 b - 2 meat rations
 f - 5 bread rations
 q - 5 chunks of flesh
 r - a royal jelly


   Skills:
 - Level 2.0 Fighting
 + Level 5.1 Axes
 - Level 1.7 Throwing
 - Level 2.6 Dodging


You had 3 spell levels left.
You didn't know any spells.

Dungeon Overview and Level Annotations

Branches:
Dungeon (3/15)

Altars:
Trog


Innate Abilities, Weirdness & Mutations

You have large cloven feet.
You are immune to rotting.


Message History

The goblin unwields an uncursed hunting sling.
The goblin wields an uncursed club.
The goblin hits you with an uncursed club.
* * * LOW HITPOINT WARNING * * *
Found 29 arrows.
Items here: )))) [[ ††† You closely miss the goblin.
You closely miss the kobold. The kobold barely misses you.
The goblin barely misses you.
A kobold comes into view. It is wielding a whip of electrocution.
The kobold shouts!
You hit the kobold.
You kill the kobold!
You slash the goblin!
You kill the goblin!
Items here: ( )) † an uncursed club; an uncursed hunting sling; 16 stones; a goblin corpse You closely miss the kobold.
Your kick misses the kobold. The kobold hits you but does no damage.
You are electrocuted!
Ouch! That really hurt!
You die...

#.......(.. ...
#.....#......÷... .(
#.....#######....
.##.....# #....
#.......# #....
#.......# #....
#.......# ##.#.
#.......# #... ####K@).#
##..
.........)############..
........#)(.............
.......................>
#.......#.#########.....
..........# ######
#.......### # .........
# #### #


You could see a kobold.

Vanquished Creatures
  An orc wizard (D:3)
  Natasha (D:3)
  2 adders (D:2)
  A worm (D:2)
  A dart slug (D:2)
  A leopard gecko (D:2)
  4 orcs (D:3)
  8 bats
  5 hobgoblins
  A quokka (D:2)
  A ball python (D:2)
  A frilled lizard (D:2)
  2 goblins
  9 kobolds
  8 rats
46 creatures vanquished.

Notes
Turn   | Place    | Note
-------+----------+-------------------------------------------
     0 | D:1      | polve the Demonspawn Gladiator began the quest for the Orb.
     0 | D:1      | Reached XP level 1. HP: 16/16 MP: 1/1
   287 | D:1      | Reached skill level 3 in Axes
   433 | D:1      | Gained mutation: You have large cloven feet. [demonic ancestry]
   433 | D:1      | Reached XP level 2. HP: 19/22 MP: 2/2
  1064 | D:2      | HP: 1/22 [poisoned by an adder]
  1213 | D:2      | Reached XP level 3. HP: 23/27 MP: 3/3
  1483 | D:2      | Reached skill level 4 in Axes
  1649 | D:2      | Noticed a moth of wrath
  1652 | D:2      | Found a bloodstained altar of Trog.
  2403 | D:3      | Noticed Natasha
  2409 | D:3      | Killed Natasha
  2409 | D:3      | Gained mutation: You are immune to rotting. [demonic ancestry]
  2409 | D:3      | Reached XP level 4. HP: 23/33 MP: 4/4
  2417 | D:3      | Reached skill level 5 in Axes
  2423 | D:3      | Slain by a kobold

Skill      XL: |  1  2  3  4 |
---------------+-------------+-----
Axes           | 3 4 5 |  5.1
Fighting       | |  2.0
Throwing       | |  1.7
Dodging        | |  2.6

Action                   |  1- 3 |  4- 6 || total
-------------------------+-------+-------++-------
Melee: War axe           |   131 |    10 ||   141
       Kick              |    21 |     2 ||    23
  Use: Potion            |     3 |     1 ||     4
  Eat: Chunk             |     5 |       ||     5
Armor: Plate armour      |   148 |    10 ||   158
       Leather armour    |     4 |       ||     4
Dodge: Dodged            |    39 |     3 ||    42
